 Dungeon Crawl Stone Soup version 0.30-a0-956-gcec3b41aec (webtiles) character file.

Game seed: 18380893546110729286

505 retardedninja the Covered (level 6, 0/55 HPs)
             Began as an Armataur Fighter on Mar 29, 2023.
             Slain by a gnoll sergeant
             ... wielding a +0 spear
              (4 damage)
             ... on level 3 of the Dungeon.
             The game lasted 00:05:15 (3235 turns).

retardedninja the Covered (Armataur Fighter)        Turns: 3235, Time: 00:05:16

Health: 0/55       AC: 11    Str: 23 (24) XL:     6   Next: 96%
Magic:  6/6        EV:  3    Int:  2 (8)  God:
Gold:   210        SH:  7    Dex:  5 (9)  Spells: 5/5 levels left

rFire   . . .      SeeInvis .    a - +0 long sword
rCold   . . .      Faith    .    o - +0 kite shield
rNeg    . . .      Spirit   .    h - +0 plate armour
rPois   .          Reflect  .    (no helmet)
rElec   .          Roll     +    (no cloak)
rCorr   .                        c - +0 pair of gloves
Will    .....                    (no barding) Stlth
                                 (no amulet)
HPRegen 0.29/turn                (no ring)
MPRegen 0.10/turn                (no ring)

@: flying
A: large, rugged brown scales 3, deformed body, armoured tail, roll, long
tongue, awkward tongue
a: no special abilities


You were on level 3 of the Dungeon.
You visited 1 branch of the dungeon, and saw 3 of its levels.

You collected 210 gold pieces.

Inventory:

Hand Weapons
 a - a +0 long sword (weapon)
Missiles
 d - a throwing net (quivered)
Armour
 c - a +0 pair of gloves (worn)
 h - a +0 plate armour (worn)
 o - a +0 kite shield (worn)
Scrolls
 b - a scroll of enchant armour {unknown}
 e - a scroll of vulnerability {unknown}
 f - a scroll of amnesia {unknown}
 l - a scroll of fear {unknown}
 m - 3 scrolls of noise {unknown}
 n - 2 scrolls of fog {unknown}
 p - 2 scrolls of identify {unknown}
 q - a scroll of enchant weapon {unknown}
Potions
 i - a potion of resistance {unknown}
 j - a potion of degeneration
 r - a potion of invisibility {unknown}


   Skills:
 + Level 4.0 Fighting
 * Level 4.4 Long Blades
 + Level 5.4 Armour
 + Level 4.9 Shields


You had 5 spell levels left.
You didn't know any spells.
Your spell library contained the following spells:

 Spells                   Type           Power      Damage    Failure   Level
 Slow                     Hex            0%         N/A       100%        1
 Confusing Touch          Hex            0%         N/A       100%        3
 Vampiric Draining        Necr           0%         2d6       100%        3


Dungeon Overview and Level Annotations

Branches:
Dungeon (3/15)

Altars:
Makhleb

Shops:
D:2 [(?!


Innate Abilities, Weirdness & Mutations

You are completely covered in rugged brown scales. (AC +3, +7% HP)
Armour fits poorly on your strangely shaped body.
You have a long armoured tail.
You roll when moving toward enemies. (Rampage)
Your long tongue fully drains potion bottles. (2x potion effects)
Your tongue gives you trouble enunciating. (1.5x scroll delay)


Message History

The gnoll sergeant hits you but does no damage.
The gnoll sergeant hits you with a +0 spear.
You hit the gnoll sergeant. You tail-slap the gnoll sergeant.
The gnoll sergeant is moderately wounded.
The gnoll sergeant hits you but does no damage.
You hit the gnoll sergeant.
The gnoll sergeant is heavily wounded.
The gnoll sergeant barely misses you. The gnoll sergeant blocks your attack.
The gnoll sergeant is heavily wounded.
The orc hits you with a +0 hand axe.
The gnoll sergeant hits you with a +0 spear.
The orc hits you but does no damage.
You hit the gnoll sergeant.
The gnoll sergeant is severely wounded.
You block the gnoll sergeant's attack. The orc barely misses you.
The gnoll sergeant hits you with a +0 spear.
You closely miss the gnoll sergeant.
The gnoll sergeant is severely wounded.
The orc hits you but does no damage.
The gnoll sergeant hits you with a +0 spear!
The gnoll sergeant blocks your attack.
The gnoll sergeant is severely wounded.
The orc barely misses you.
The gnoll sergeant hits you with a +0 spear!
* * * LOW HITPOINT WARNING * * *
You hit the gnoll sergeant.
The gnoll sergeant is severely wounded.
You block the orc's attack.
The gnoll sergeant hits you with a +0 spear.
* * * LOW HITPOINT WARNING * * *
The orc hits you but does no damage.
The gnoll sergeant completely misses you.
It was a potion of flight.
You feel very buoyant.
You fly up into the air.
You slurp down every last drop of the potion of flight!
The orc barely misses you.
The gnoll sergeant hits you with a +0 spear.
You die...

#.......#)##.#........#
######....##.##...########
####.....[...........
#.#)..#......#####
#########'#..........#
...............#..####
.............#....#
............##o..#
.........####.@## .
###.##........g.#
.####.)<........>...
....†..##..####.#.....
....)..##..##...........
.......##........#......
............#.##. ......
....#######..... ....##
..### #.. #


You could see a gnoll sergeant and an orc.

Vanquished Creatures
  2 howler monkeys (D:3)
  2 hounds (D:3)
  2 gnoll boudas (D:3)
  Jessica (D:2)
  2 adders (D:2)
  15 gnolls (D:3)
  2 worms
  2 dart slugs (D:2)
  20 orcs (D:3)
  3 ball pythons (D:2)
  4 bats
  3 endoplasms
  A giant cockroach (D:2)
  2 goblins (D:2)
  5 hobgoblins
  17 jackals
  A quokka (D:2)
  3 frilled lizards
  7 kobolds
  6 rats
100 creatures vanquished.

Vanquished Creatures (others)
  4 plants (D:3)
4 creatures vanquished.

Grand Total: 104 creatures vanquished

Notes
Turn   | Place    | Note
-------+----------+-------------------------------------------
     0 | D:1      | retardedninja the Armataur Fighter began the quest for the
                  | Orb.
     0 | D:1      | Reached XP level 1. HP: 19/19 MP: 1/1
   118 | D:1      | Found a faded altar of an unknown god.
   250 | D:1      | Reached XP level 2. HP: 25/26 MP: 2/2
   908 | D:2      | Found a burning altar of Makhleb.
   918 | D:2      | Reached skill level 4 in Armour
   928 | D:2      | Reached XP level 3. HP: 22/33 MP: 3/3
  1031 | D:2      | Found Peewkeod's Magic Scroll Shop.
  1088 | D:2      | Found Zamuos's Distillery.
  1309 | D:2      | Found Riren's Antique Weapon Shoppe.
  1329 | D:2      | Noticed Jessica
  1343 | D:2      | Killed Jessica
  1344 | D:2      | Reached XP level 4. HP: 18/40 MP: 4/4
  1711 | D:2      | Found Hounnum's Armour Shoppe.
  2119 | D:3      | Reached XP level 5. HP: 48/48 MP: 5/5
  2167 | D:3      | Reached XP level 6. HP: 16/55 MP: 6/6
  2307 | D:3      | Reached skill level 5 in Armour
  2609 | D:3      | HP: 3/82 [gnoll/+0 spear (2)]
  3235 | D:3      | Slain by a gnoll sergeant

Illustrated notes

Levels and vault maps discovered:
D:1:      mrwooster_arrival_statue_2, layout_basic,
          hellmonk_ecumenical_altar_pennies_from_heaven
D:2:      layout_basic, serial_shops, shop_scrolls, shop_statue,
          nicolae_lakefront_shop, nicolae_shop_advertising_works
          [nicolae_subvault_shop_adworks], basic_altar,
          kennysheep_generic_room_10, uniq_jessica
D:3:      lemuel_castle_with_subvaults [lemuel_castle_interior_carwin_1],
          layout_basic, tso_altar, led_sif_pool, serial_shops, shop, uniq_robin,
          uniq_terence, uniq_ijyb

Skill      XL: |  1  2  3  4  5  6 |
---------------+-------------------+-----
Long Blades    | 2 3 4 |  4.4
Armour         | 4 5 |  5.4
Fighting       | 3 4 |  4.0
Shields        | 4 |  4.9

Action                     |  1- 3 |  4- 6 || total
---------------------------+-------+-------++-------
  Melee: Long sword        |   140 |   304 ||   444
         Tailslap          |    11 |    44 ||    55
    Use: Potion            |       |     6 ||     6
 Armour: Scale mail        |    55 |       ||    55
         Plate armour      |    74 |   246 ||   320
  Dodge: Dodged            |    49 |    53 ||   102
  Block: Buckler           |    24 |       ||    24
         Kite shield       |    19 |   151 ||   170

Table legend: (Time is in decaauts)
 A = Elapsed time spent in this place.
 B = Non-inter-level travel time spent in this place.
 C = Inter-level travel time spent in this place.
 D = Time resting spent in this place.
 E = Time spent auto-exploring this place.
 F = Levels seen in this place.
 G = Mean time per level.
                   A        B        C        D        E       F      G
               +--------+--------+--------+--------+--------+-----+--------+
         Total |   3398 |   3363 |     35 |    557 |   1608 |   3 | 1132.7 |
       Dungeon |   3398 |   3363 |     35 |    557 |   1608 |   3 | 1132.7 |
               +--------+--------+--------+--------+--------+-----+--------+

Top non-repeatable levels by time:
     D:3: 1439 daAuts
     D:2: 1082 daAuts
     D:1: 876 daAuts
